| TOP OF THE 1ST |
|
Wausau Timbers batting - Pitching for Cedar Rapids Cardinals : LHP Kevan Aman
|
|
Pitching: LHP Kevan Aman
|
|
|
Batting: RHB Paul Plinski
|
0-0: Ball 1-0: Foul Ball, location: 2F 1-1: SINGLE (Flyball, 9S, EV 85.0 MPH)
|
|
Batting: LHB Rodney Nealeigh
|
0-0: Ball 1-0: Ball 2-0: Swinging Strike 2-1: Swinging Strike 2-2: Foul Ball, location: 2F 2-2: Ball 3-2: Base on Balls Paul Plinski to second
|
|
Batting: RHB Danny Tartabull
|
0-0: Ball 1-0: Called Strike 1-1: Ball 2-1: Foul Ball, location: 2F 2-2: Grounds into double play, 5-4-3 (Groundball, 56, EV 107.5 MPH) Paul Plinski to third
|
|
Batting: RHB Norm Carrasco
|
0-0: Called Strike 0-1: Ball 1-1: Fly out, F7 (Flyball, 7LM, EV 87.5 MPH)
|
| Top of the 1st over - 0 runs, 1 hit, 0 errors, 1 left on base; Wausau 0 - Cedar Rapids 0 |
| BOTTOM OF THE 1ST |
|
Cedar Rapids Cardinals batting - Pitching for Wausau Timbers : LHP Timothy Howard
|
|
Pitching: LHP Timothy Howard
|
|
|
Batting: SHB Luis Quinones
|
0-0: Foul Ball, location: 2F 0-1: Called Strike 0-2: Ball 1-2: Strikes out swinging
|
|
Batting: RHB Tony Cordova
|
0-0: Fly out, F8 (Flyball, 8LS, EV 90.6 MPH)
|
|
Batting: RHB Steve Herz
|
0-0: Called Strike 0-1: Ball 1-1: Called Strike 1-2: Strikes out swinging
|
| Bottom of the 1st over - 0 runs, 0 hits, 0 errors, 0 left on base; Wausau 0 - Cedar Rapids 0 |
| TOP OF THE 2ND |
|
Wausau Timbers batting - Pitching for Cedar Rapids Cardinals : LHP Kevan Aman
|
|
Batting: RHB Mike Reddish
|
0-0: Ball 1-0: Ground out U3 (Groundball, 3L, EV 79.4 MPH)
|
|
Batting: RHB Mark Blaser
|
0-0: Swinging Strike 0-1: Ball 1-1: Ball 2-1: Ball 3-1: Base on Balls
|
|
Batting: LHB Daniel Stryffeler
|
0-0: Foul Ball, location: 2F 0-1: Called Strike 0-2: Ball 1-2: SINGLE (Groundball, 3D, EV 101.3 MPH) Mark Blaser to second Runner from 2nd tries for 3rd, SAFE, no throw by RF
|
|
Batting: RHB Ronnie Harrington
|
0-0: Ball Daniel Stryffeler steals 2nd base 1-0: Called Strike 1-1: Ball 2-1: DOUBLE (Groundball, 5L, EV 100.6 MPH) Mark Blaser scores Daniel Stryffeler scores
|
|
Batting: RHB Barry Cheesman
|
0-0: Ball 1-0: Swinging Strike 1-1: Called Strike 1-2: SINGLE (Line Drive, 9S, EV 93.1 MPH) Ronnie Harrington to third
|
|
Batting: RHB Paul Plinski
|
0-0: Swinging Strike 0-1: Swinging Strike 0-2: Fly out, F7 (Line Drive, 7, EV 93.1 MPH) Runner from 3rd tags up, OUT at HOME! 7-2
|
| Top of the 2nd over - 2 runs, 3 hits, 0 errors, 1 left on base; Wausau 2 - Cedar Rapids 0 |
| BOTTOM OF THE 2ND |
|
Cedar Rapids Cardinals batting - Pitching for Wausau Timbers : LHP Timothy Howard
|
|
Batting: RHB Miguel Sosa
|
0-0: Fly out, F9 (Flyball, 9LSF, EV 88.1 MPH)
|
|
Batting: RHB Randy Ingle
|
0-0: Ball 1-0: Foul Ball, location: 2F 1-1: Ball 2-1: DOUBLE (Groundball, 5L, EV 109.4 MPH)
|
|
Batting: RHB Jay Schroeder
|
0-0: Ball 1-0: Foul Ball, location: 2F 1-1: Ball 2-1: SINGLE (Groundball, 56D, EV 95.0 MPH) Randy Ingle to third Runner from 3rd tries for Home, SAFE, throw by LF to home
|
|
Batting: RHB Paul Bard
|
0-0: Called Strike 0-1: Ball 1-1: Fly out, F8 (Flyball, 8LS, EV 87.5 MPH)
|
|
Batting: RHB Francisco Escalera
|
0-0: Ball 1-0: DOUBLE (Flyball, 8LD, EV 99.4 MPH) Jay Schroeder to third Runner from 3rd tries for Home, SAFE, no throw by CF
|
|
Batting: RHB Pablo Carballo
|
0-0: Ball 1-0: Ball 2-0: Foul Ball, location: 2F 2-1: Foul Ball, location: 2F 2-2: SINGLE (Groundball, 25, EV 73.8 MPH) (infield hit) Francisco Escalera to third
|
|
Batting: SHB Luis Quinones
|
0-0: Called Strike 0-1: Called Strike 0-2: Ball 1-2: Ball 2-2: Ball 3-2: Strikes out looking
|
| Bottom of the 2nd over - 2 runs, 4 hits, 0 errors, 2 left on base; Wausau 2 - Cedar Rapids 2 |
| TOP OF THE 3RD |
|
Wausau Timbers batting - Pitching for Cedar Rapids Cardinals : LHP Kevan Aman
|
|
Batting: LHB Rodney Nealeigh
|
0-0: Ground out 4-3 (Groundball, 4M, EV 106.9 MPH)
|
|
Batting: RHB Danny Tartabull
|
0-0: Ball 1-0: Ball 2-0: Foul Ball, location: 2F 2-1: Ball 3-1: Base on Balls
|
|
Batting: RHB Norm Carrasco
|
0-0: Called Strike 0-1: Ball 1-1: Ball 2-1: Grounds into double play, 5-4-3 (Groundball, 5, EV 86.9 MPH)
|
| Top of the 3rd over - 0 runs, 0 hits, 0 errors, 0 left on base; Wausau 2 - Cedar Rapids 2 |
| BOTTOM OF THE 3RD |
|
Cedar Rapids Cardinals batting - Pitching for Wausau Timbers : LHP Timothy Howard
|
|
Batting: RHB Tony Cordova
|
0-0: Called Strike 0-1: Ball 1-1: Ball 2-1: Ball 3-1: Swinging Strike 3-2: Base on Balls
|
|
Batting: RHB Steve Herz
|
0-0: Ball 1-0: Fly out, F6 (Flyball, 56D, EV 90.6 MPH)
|
|
Batting: RHB Miguel Sosa
|
0-0: Called Strike 0-1: DOUBLE (Groundball, 5L, EV 109.4 MPH) Tony Cordova to third Runner from 3rd tries for Home, SAFE, throw by LF to home
|
|
Batting: RHB Randy Ingle
|
0-0: Ball 1-0: Ball 2-0: Called Strike 2-1: Ball 3-1: Fly out, F7 (Flyball, 7S, EV 72.5 MPH)
|
|
Batting: RHB Jay Schroeder
|
0-0: Ball 1-0: Ball 2-0: Ball 3-0: Called Strike 3-1: Called Strike 3-2: Foul Ball, location: 2F 3-2: Ground out 1-3 (Groundball, 13, EV 86.9 MPH)
|
| Bottom of the 3rd over - 1 run, 1 hit, 0 errors, 1 left on base; Wausau 2 - Cedar Rapids 3 |
| TOP OF THE 4TH |
|
Wausau Timbers batting - Pitching for Cedar Rapids Cardinals : LHP Kevan Aman
|
|
Batting: RHB Mike Reddish
|
0-0: Ball 1-0: Ground out 2-3 (Groundball, 2L, EV 61.9 MPH)
|
|
Batting: RHB Mark Blaser
|
0-0: Foul Ball, location: 2F 0-1: Called Strike 0-2: Ball 1-2: Ball 2-2: Ground out 5-3 (Groundball, 56S, EV 85.0 MPH)
|
|
Batting: LHB Daniel Stryffeler
|
0-0: Ball 1-0: Ball 2-0: Foul Ball, location: 2F 2-1: DOUBLE (Line Drive, 5D, EV 96.3 MPH)
|
|
Batting: RHB Ronnie Harrington
|
0-0: Foul Ball, location: 2F 0-1: Fly out, F9 (Flyball, 9S, EV 88.8 MPH)
|
| Top of the 4th over - 0 runs, 1 hit, 0 errors, 1 left on base; Wausau 2 - Cedar Rapids 3 |
| BOTTOM OF THE 4TH |
|
Cedar Rapids Cardinals batting - Pitching for Wausau Timbers : LHP Timothy Howard
|
|
Batting: RHB Paul Bard
|
0-0: Fly out, F8 (Flyball, 89M, EV 81.3 MPH)
|
|
Batting: RHB Francisco Escalera
|
0-0: Ball 1-0: Ball 2-0: Called Strike 2-1: Called Strike 2-2: Strikes out swinging
|
|
Batting: RHB Pablo Carballo
|
0-0: SOLO HOME RUN (Flyball, 78XD, EV 98.8 MPH), Distance : 391 ft
|
|
Batting: SHB Luis Quinones
|
0-0: SINGLE (Line Drive, 8LS, EV 90.0 MPH)
|
|
Batting: RHB Tony Cordova
|
0-0: Called Strike 0-1: Foul Ball, location: 2F 0-2: Ball 1-2: Strikes out swinging
|
| Bottom of the 4th over - 1 run, 2 hits, 0 errors, 1 left on base; Wausau 2 - Cedar Rapids 4 |
| TOP OF THE 5TH |
|
Wausau Timbers batting - Pitching for Cedar Rapids Cardinals : LHP Kevan Aman
|
|
Batting: RHB Barry Cheesman
|
0-0: Called Strike 0-1: Foul Ball, location: 2F 0-2: Foul Ball, location: 2F 0-2: Ball 1-2: Ground out 6-3 (Groundball, 6MD, EV 85.0 MPH)
|
|
Batting: RHB Paul Plinski
|
0-0: Ball 1-0: Swinging Strike 1-1: Ground out 4-3 (Groundball, 4, EV 107.5 MPH)
|
|
Batting: LHB Rodney Nealeigh
|
0-0: Called Strike 0-1: Ball 1-1: Fly out, F8 (Flyball, 78D, EV 87.5 MPH)
|
| Top of the 5th over - 0 runs, 0 hits, 0 errors, 0 left on base; Wausau 2 - Cedar Rapids 4 |
| BOTTOM OF THE 5TH |
|
Cedar Rapids Cardinals batting - Pitching for Wausau Timbers : LHP Timothy Howard
|
|
Batting: RHB Steve Herz
|
0-0: Ball 1-0: Swinging Strike 1-1: Foul Ball, location: 2F 1-2: Foul Ball, location: 2F 1-2: Foul Ball, location: 2F 1-2: Ball 2-2: Ball 3-2: Base on Balls
|
|
Batting: RHB Miguel Sosa
|
0-0: Ball 1-0: Ball 2-0: Ball 3-0: Ground out 5-3 (Groundball, 56S, EV 66.9 MPH) Steve Herz to second
|
|
Batting: RHB Randy Ingle
|
0-0: Intentional Walk
|
|
Batting: RHB Jay Schroeder
|
0-0: Ball 1-0: Swinging Strike 1-1: Foul Ball, location: 2F 1-2: Ball 2-2: SINGLE (Line Drive, 89S, EV 96.9 MPH) Steve Herz to third Randy Ingle to second Throwing error, E9 Steve Herz scores Randy Ingle to third Jay Schroeder to second
|
|
Batting: RHB Paul Bard
|
0-0: Intentional Walk
|
|
Batting: RHB Francisco Escalera
|
0-0: Ball 1-0: Swinging Strike 1-1: Ball 2-1: Called Strike 2-2: Ball 3-2: Grounds into fielders choice 6-2 (Groundball, 6, EV 100.0 MPH) Jay Schroeder to third Paul Bard to second
|
|
Batting: RHB Pablo Carballo
|
0-0: Ball 1-0: Ball Wild Pitch! Jay Schroeder scores Paul Bard to third Francisco Escalera to second 2-0: Called Strike 2-1: Ball 3-1: Base on Balls
|
|
Batting: SHB Luis Quinones
|
0-0: TRIPLE (Flyball, 78XD, EV 104.4 MPH) Paul Bard scores Francisco Escalera scores Pablo Carballo scores
|
|
Pitching: RHP Raymond Richard
|
|
|
Batting: RHB Tony Cordova
|
0-0: 2-RUN HOME RUN (Flyball, 7D, EV 95.0 MPH), Distance : 363 ft
|
|
Batting: RHB Steve Herz
|
0-0: SINGLE (Line Drive, 56D, EV 99.4 MPH)
|
|
Batting: RHB Miguel Sosa
|
0-0: 2-RUN HOME RUN (Flyball, 9D, EV 99.4 MPH), Distance : 398 ft
|
|
Batting: RHB Randy Ingle
|
0-0: Ball 1-0: Foul Ball, location: 2F 1-1: Called Strike 1-2: Foul Ball, location: 2F 1-2: Ball 2-2: Ball 3-2: Base on Balls
|
|
Batting: RHB Jay Schroeder
|
0-0: Called Strike 0-1: Ball 1-1: Ball 2-1: DOUBLE (Line Drive, 7LS, EV 102.5 MPH) Randy Ingle to third Runner from 3rd tries for Home, SAFE, throw by LF to trailing runner, SAFE at third!
|
|
Batting: RHB Paul Bard
|
0-0: Ball 1-0: Foul Ball, location: 2F 1-1: Ground out U3 (Groundball, 3S, EV 84.4 MPH)
|
| Bottom of the 5th over - 10 runs, 6 hits, 1 error, 1 left on base; Wausau 2 - Cedar Rapids 14 |
| TOP OF THE 6TH |
|
Wausau Timbers batting - Pitching for Cedar Rapids Cardinals : LHP Kevan Aman
|
|
Batting: RHB Danny Tartabull
|
0-0: Ball 1-0: Fly out, F8 (Flyball, 8LD, EV 80.0 MPH)
|
|
Batting: RHB Norm Carrasco
|
0-0: Ball 1-0: Fly out, F6 (Popup, 6S, EV 79.4 MPH)
|
|
Batting: RHB Mike Reddish
|
0-0: Ball 1-0: DOUBLE (Line Drive, 78D, EV 104.4 MPH)
|
|
Batting: RHB Mark Blaser
|
0-0: Ball 1-0: Foul Ball, location: 2F 1-1: Swinging Strike 1-2: Foul Ball, location: 2F 1-2: Foul Ball, location: 2F 1-2: Fly out, F7 (Flyball, 7S, EV 78.1 MPH)
|
| Top of the 6th over - 0 runs, 1 hit, 0 errors, 1 left on base; Wausau 2 - Cedar Rapids 14 |
| BOTTOM OF THE 6TH |
|
Cedar Rapids Cardinals batting - Pitching for Wausau Timbers : RHP Raymond Richard
|
|
Batting: RHB Francisco Escalera
|
0-0: Ground out 6-3 (Groundball, 6, EV 90.0 MPH)
|
|
Batting: RHB Pablo Carballo
|
0-0: Called Strike 0-1: Ball 1-1: Swinging Strike 1-2: Ball 2-2: Ball 3-2: Base on Balls
|
|
Batting: SHB Luis Quinones
|
0-0: Ball 1-0: Fly out, F8 (Flyball, 78XD, EV 80.0 MPH)
|
|
Batting: RHB Tony Cordova
|
0-0: Ball 1-0: Called Strike 1-1: SINGLE (Line Drive, 78S, EV 105.6 MPH) Pablo Carballo to second
|
|
Batting: RHB Steve Herz
|
0-0: Called Strike 0-1: Called Strike 0-2: Ball 1-2: Fly out, F8 (Flyball, 8RXD, EV 88.1 MPH)
|
| Bottom of the 6th over - 0 runs, 1 hit, 0 errors, 2 left on base; Wausau 2 - Cedar Rapids 14 |
| TOP OF THE 7TH |
|
Wausau Timbers batting - Pitching for Cedar Rapids Cardinals : LHP Kevan Aman
|
|
Batting: LHB Daniel Stryffeler
|
0-0: Ball 1-0: Ball 2-0: Swinging Strike 2-1: Foul Ball, location: 2F 2-2: Ball 3-2: DOUBLE (Flyball, 89XD, EV 90.0 MPH)
|
|
Pitching: LHP Christopher Geason
|
|
|
Pinch Runner at 2nd Kevin McDaniel:
|
|
|
Batting: RHB Ronnie Harrington
|
0-0: Ground out 4-3 (Groundball, 4, EV 104.4 MPH) Kevin McDaniel to third
|
|
Batting: RHB Barry Cheesman
|
0-0: Called Strike 0-1: Fly out, F8 (Flyball, 8RS, EV 96.9 MPH)
|
|
Batting: RHB Paul Plinski
|
0-0: Ball 1-0: Ball 2-0: Foul Ball, location: 2F 2-1: Swinging Strike 2-2: Strikes out swinging
|
| Top of the 7th over - 0 runs, 1 hit, 0 errors, 1 left on base; Wausau 2 - Cedar Rapids 14 |
| BOTTOM OF THE 7TH |
|
Cedar Rapids Cardinals batting - Pitching for Wausau Timbers : RHP Raymond Richard
|
|
Now in RF: Jerry Morton
|
|
|
Batting: RHB Miguel Sosa
|
0-0: Called Strike 0-1: Ball 1-1: Ball 2-1: Foul Ball, location: 2F 2-2: Ball 3-2: Base on Balls
|
|
Batting: RHB Randy Ingle
|
0-0: Ball 1-0: Ball 2-0: Ball 3-0: Called Strike 3-1: Foul Ball, location: 2F 3-2: Foul Ball, location: 2F 3-2: Base on Balls Miguel Sosa to second
|
|
Batting: RHB Jay Schroeder
|
0-0: Ball 1-0: Called Strike 1-1: Foul Ball, location: 2F 1-2: 3-RUN HOME RUN (Flyball, 7D, EV 108.1 MPH), Distance : 382 ft
|
|
Pitching: RHP Larry Hrynko
|
|
|
Batting: RHB Paul Bard
|
0-0: Ball 1-0: Ground out 1-3 (Groundball, 15S, EV 69.4 MPH)
|
|
Batting: RHB Francisco Escalera
|
0-0: Ball 1-0: Ball 2-0: Called Strike 2-1: SINGLE (Line Drive, 6MD, EV 106.3 MPH)
|
|
Batting: RHB Pablo Carballo
|
Pickoff Throw to First - Out! 1-3 0-0: Called Strike 0-1: Ball 1-1: Ball 2-1: Swinging Strike 2-2: Ball 3-2: SINGLE (Groundball, 6MD, EV 106.3 MPH)
|
|
Batting: SHB Luis Quinones
|
0-0: Called Strike 0-1: Ball 1-1: Ground out 4-3 (Groundball, 34, EV 108.8 MPH)
|
| Bottom of the 7th over - 3 runs, 3 hits, 0 errors, 1 left on base; Wausau 2 - Cedar Rapids 17 |
| TOP OF THE 8TH |
|
Wausau Timbers batting - Pitching for Cedar Rapids Cardinals : LHP Christopher Geason
|
|
Batting: LHB Rodney Nealeigh
|
0-0: Ball 1-0: Ball 2-0: Fly out, F4 (Flyball, 34D, EV 92.5 MPH)
|
|
Batting: RHB Danny Tartabull
|
0-0: Ball 1-0: Ball 2-0: Ball 3-0: Base on Balls
|
|
Batting: RHB Norm Carrasco
|
0-0: Ball 1-0: Foul Ball, location: 2F 1-1: Foul Ball, location: 2F 1-2: Strikes out looking
|
|
Batting: RHB Mike Reddish
|
0-0: Foul Ball, location: 2F 0-1: Ball 1-1: Ball 2-1: Called Strike 2-2: Foul Ball, location: 2F 2-2: Foul Ball, location: 2F 2-2: Strikes out swinging
|
| Top of the 8th over - 0 runs, 0 hits, 0 errors, 1 left on base; Wausau 2 - Cedar Rapids 17 |
| BOTTOM OF THE 8TH |
|
Cedar Rapids Cardinals batting - Pitching for Wausau Timbers : RHP Larry Hrynko
|
|
Batting: RHB Tony Cordova
|
0-0: Ball 1-0: Ball 2-0: Ball 3-0: Called Strike 3-1: Base on Balls
|
|
Batting: RHB Steve Herz
|
0-0: Ball 1-0: Called Strike 1-1: Ball 2-1: Fly out, F6 (Flyball, 5D, EV 92.5 MPH)
|
|
Batting: RHB Miguel Sosa
|
0-0: Ball 1-0: Swinging Strike 1-1: Foul Ball, location: 2F 1-2: Foul Ball, location: 2F 1-2: Foul Ball, location: 2F 1-2: Ball 2-2: Strikes out swinging
|
|
Pinch Hitting: RHB Steven Righetti
|
0-0: Ball 1-0: Ball 2-0: Called Strike 2-1: Called Strike 2-2: Ball 3-2: Fly out, F9 (Flyball, 9S, EV 85.6 MPH)
|
| Bottom of the 8th over - 0 runs, 0 hits, 0 errors, 1 left on base; Wausau 2 - Cedar Rapids 17 |
| TOP OF THE 9TH |
|
Wausau Timbers batting - Pitching for Cedar Rapids Cardinals : LHP Christopher Geason
|
|
Now at 1B: Steven Righetti
|
|
|
Batting: RHB Mark Blaser
|
0-0: Ball 1-0: Ball 2-0: Foul Ball, location: 2F 2-1: Swinging Strike 2-2: Foul Ball, location: 2F 2-2: Strikes out looking
|
|
Batting: LHB Jerry Morton
|
0-0: Called Strike 0-1: Foul Ball, location: 2F 0-2: Ball 1-2: Ball 2-2: DOUBLE (Line Drive, 89D, EV 105.6 MPH)
|
|
Batting: RHB Ronnie Harrington
|
0-0: Ball 1-0: Fly out, F9 (Flyball, 9LM, EV 95.0 MPH) Runner from 2nd tags up, SAFE at 3rd, no throw by RF
|
|
Batting: RHB Barry Cheesman
|
0-0: Ball 1-0: Ball 2-0: Ball 3-0: Called Strike 3-1: Foul Ball, location: 2F 3-2: Foul Ball, location: 2F 3-2: Foul Ball, location: 2F 3-2: Foul Ball, location: 2F 3-2: Base on Balls
|
|
Batting: RHB Paul Plinski
|
0-0: Ball 1-0: Ball 2-0: Fielders Choice at 2nd, 6-4 (Groundball, 6, EV 87.5 MPH)
|
| Top of the 9th over - 0 runs, 1 hit, 0 errors, 2 left on base; Wausau 2 - Cedar Rapids 17 |
|